 Dungeon Crawl Stone Soup version 0.23.2-33-g5129a83184 (webtiles) character file.

Game seed: 14047379775069240911

363 psyvane the Bolt Thrower (level 7, -1/38 HPs)
             Began as a Kobold Arcane Marksman on July 10, 2019.
             Was an Initiate of Nemelex Xobeh.
             Slain by a sky beast (4 damage)
             ... on level 6 of the Dungeon.
             The game lasted 00:26:03 (6023 turns).

psyvane the Bolt Thrower (Kobold Arcane Marksman)   Turns: 6023, Time: 00:26:05

Health: -1/38      AC:  3    Str:  8    XL:     7   Next: 0%
Magic:  5/8        EV: 15    Int: 17    God:    Nemelex Xobeh [......]
Gold:   287        SH:  0    Dex: 17    Spells: 2/8 levels left

rFire    . . .     SeeInvis .   l - +0 short sword
rCold    . . .     Gourm    .   (shield restricted)
rNeg     . . .     Faith    .   e - +1 robe
rPois    .         Spirit   .   (no helmet)
rElec    .         Reflect  .   (no cloak)
rCorr    .         Harm     .   (no gloves)
MR       .....                  (no boots)
Stlth    ++........             (no amulet)
HPRegen  0.12/turn              j - +3 ring of intelligence
MPRegen  0.11/turn              (no ring)

@: no status effects
A: small, carnivore
a: Draw Escape, Draw Destruction, Draw Summoning, Renounce Religion


You were on level 6 of the Dungeon.
You worshipped Nemelex Xobeh.
Nemelex Xobeh was noncommittal.
You were not hungry.

You visited 1 branch of the dungeon, and saw 6 of its levels.

You collected 287 gold pieces.

Inventory:

Hand Weapons
 a - a +0 hand crossbow
 l - a +0 short sword (weapon)
Missiles
 d - 24 stones
 n - 2 tomahawks (quivered)
 t - 9 poisoned needles
 u - 2 bolts
Armour
 b - a +2 scale mail of cold resistance
 e - a +1 robe (worn)
Jewellery
 j - a +3 ring of intelligence (left hand)
Scrolls
 k - a scroll of enchant armour
 q - 2 scrolls of remove curse
 s - a scroll of identify
Potions
 r - a potion of degeneration
 v - a potion of brilliance
Comestibles
 f - 6 rations


   Skills:
 - Level 1.1 Fighting
 - Level 7.0 Crossbows
 - Level 2.6 Dodging
 - Level 1.1 Spellcasting
 * Level 4.6 Hexes


You had 2 spell levels left.
You knew the following spells:

 Your Spells              Type           Power        Failure   Level  Hunger
a - Corona                Hex            ###....      3%          1    ##.....
b - Slow                  Hex            ###.....     4%          2    ###....
c - Inner Flame           Hex/Fire       #.......     24%         3    ####...

Your spell library contained the following spells:

 Spells                   Type           Power        Failure   Level  Hunger
 Confusing Touch          Hex            ###...       3%          1    ##.....
 Beastly Appendage        Tmut           #.....       22%         1    ##.....
 Sticks to Snakes         Tmut           #.......     32%         2    ###....
 Confuse                  Hex            ###.....     10%         3    ####...
 Portal Projectile        Hex/Tloc       #.....       24%         3    ####...
 Cause Fear               Hex            ###.......   32%         4    #####..
 Gell's Gravitas          Tloc           #.........   54%         3    ####...
 Spider Form              Tmut/Pois      #.........   54%         3    ####...
 Leda's Liquefaction      Hex/Erth       #.........   63%         4    #####..
 Ice Form                 Ice/Tmut       #.......     91%         4    #####..
 Petrify                  Tmut/Erth      #.......     91%         4    #####..
 Metabolic Englaciation   Hex/Ice        #.........   92%         5    ######.
 Yara's Violent Unravell  Hex/Tmut       #.........   92%         5    ######.
 Blade Hands              Tmut           #.........   99%         5    ######.


Dungeon Overview and Level Annotations

Branches:
Dungeon (6/15)             Temple (0/1) D:4

Altars:
Cheibriados
Elyvilon
Gozag
Nemelex Xobeh
Sif Muna
Uskayaw
Yredelemnul

Annotations:
D:3 Terence
D:5 1 runed translucent door, ianfitz1987's ghost, novice CeHu


Innate Abilities, Weirdness & Mutations

You are small and have problems with some larger weapons.
You are carnivorous and can eat meat at any time.


Message History

* * * LOW HITPOINT WARNING * * *
As you read the scroll labeled YLYFEM EWIUSI, it crumbles to dust.
It is a scroll of amnesia.
Okay, then.
Something hits you.
* * * LOW HITPOINT WARNING * * *
Something shocks you.
* * * LOW HITPOINT WARNING * * *
As you read the scroll labeled DOEREN VEOMIA, it crumbles to dust.
The dust glows brilliant grey!
It was a scroll of random uselessness.
You hit something.
A sky beast appears from thin air!
Reactivating autopickup.
The sky beast closely misses you.
You hit the sky beast.
The sky beast is almost dead.
The sky beast flickers out of sight!
Deactivating autopickup; reactivate with Ctrl-A.
Something hits you.
You die...
Your body disappears without a glow.

* *#'#*
#.#,*,,,,,*,* *
####.######
#.#,****,*,,*
#.........#
#.#..#.######
#.##.####.#
#.#,#.....#.#
***####.#...###.#
#.#*####.#..#
,,,..........##.#
#.# ####.#
***###......###.#
#.# #.o
##.##...##.#####.#
###
#.##.....{@.....#
#...)..:..#######
####=###### #.#
#.# ### #.# ..#
#####.### *****
### ##≈≈≈≈≈..###
*,,,, #
###≈≈≈≈≈≈≈≈≈.#
*,***


There were no monsters in sight!

Vanquished Creatures
  A hound (D:6)
  An orc priest (D:3)
  An iguana (D:3)
  A worker ant (D:4)
  Robin (D:3)
  A gnoll (D:6)
  2 adders (D:4)
  2 oozes
  An adder skeleton (D:4)
  2 dart slugs (D:1)
  A worm (D:2)
  3 leopard geckos
  9 orcs
  3 ball pythons (D:1)
  8 bats
  3 giant cockroaches
  12 goblins
  9 hobgoblins
  3 jackals
  A quokka (D:2)
  4 frilled lizards
  5 kobolds
  3 rats
  A spectral orc (D:4)
78 creatures vanquished.

Vanquished Creatures (collateral kills)
  Menkaure (D:6)
  A worker ant (D:6)
2 creatures vanquished.

Vanquished Creatures (others)
  2 gnolls (D:6)
2 creatures vanquished.

Grand Total: 82 creatures vanquished

Notes
Turn   | Place    | Note
-------+----------+-------------------------------------------
     0 | D:1      | psyvane the Kobold Arcane Marksman began the quest for the
                  | Orb.
     0 | D:1      | Reached XP level 1. HP: 12/12 MP: 2/2
   246 | D:1      | Reached XP level 2. HP: 16/16 MP: 3/3
   247 | D:1      | Reached skill level 3 in Crossbows
   633 | D:2      | Reached XP level 3. HP: 19/20 MP: 4/4
   693 | D:2      | Reached skill level 4 in Crossbows
   748 | D:2      | Found an opulent altar of Gozag.
   755 | D:2      | Found Gozag's Platinum Reserve.
  1312 | D:2      | Reached XP level 4. HP: 25/25 MP: 5/5
  1428 | D:3      | Noticed Robin
  2027 | D:3      | Learned a level 2 spell: Slow
  2127 | D:3      | Reached skill level 5 in Crossbows
  2528 | D:3      | Found a white marble altar of Elyvilon.
  2567 | D:3      | Became a worshipper of Elyvilon the Healer
  2648 | D:3      | Noticed Terence
  2723 | D:3      | Reached XP level 5. HP: 24/29 MP: 1/6
  2815 | D:3      | Found a sparkling altar of Nemelex Xobeh.
  2848 | D:3      | Reached skill level 6 in Crossbows
  3633 | D:4      | Found a snail-covered altar of Cheibriados.
  3639 | D:4      | Found a staircase to the Ecumenical Temple.
  3723 | D:3      | Killed Robin
  3729 | D:3      | Reached XP level 6. HP: 29/34 MP: 4/7
  3895 | D:3      | Fell from the grace of Elyvilon
  3898 | D:3      | Became a worshipper of Nemelex Xobeh the Trickster
  4011 | D:4      | Found a deep blue altar of Sif Muna.
  4016 | D:4      | Learned a level 3 spell: Inner Flame
  4248 | D:4      | Reached skill level 7 in Crossbows
  4584 | D:4      | Found a basalt altar of Yredelemnul.
  4692 | D:4      | Received a gift from Nemelex Xobeh
  4880 | D:5      | Entered Level 5 of the Dungeon
  4904 | D:5      | Found a hide-covered altar of Uskayaw.
  4914 | D:5      | Noticed an ice beast
  4928 | D:5      | Found a runed translucent door.
  4930 | D:5      | Noticed Menkaure
  4932 | D:5      | Noticed ianfitz1987's ghost (novice CeHu)
  5103 | D:6      | Killed Menkaure
  5309 | D:6      | Received a gift from Nemelex Xobeh
  5448 | D:6      | Reached XP level 7. HP: 13/38 MP: 3/8
  6023 | D:6      | Slain by a sky beast

Skill      XL: |  1  2  3  4  5  6 |
---------------+-------------------+-----
Crossbows      | 3 4 5 6 7 |  7.0
Hexes          | 4 |  4.6
Fighting       | |  1.1
Dodging        | |  2.6
Spellcasting   | |  1.1

Action                   |  1- 3 |  4- 6 |  7- 9 || total
-------------------------+-------+-------+-------++-------
Melee: Short sword       |       |   170 |    43 ||   213
       Dagger            |       |    11 |       ||    11
 Fire: Hand crossbow     |    70 |    38 |       ||   108
Throw: Tomahawk          |       |    11 |       ||    11
 Cast: Corona            |     1 |    35 |     6 ||    42
       Slow              |       |    27 |     5 ||    32
Invok: Renounce Religion |       |     1 |       ||     1
 Abil: Draw Destruction  |       |     4 |     1 ||     5
       Draw Escape       |       |     3 |       ||     3
       Draw Summoning    |       |     1 |       ||     1
  Use: Scroll            |     3 |    11 |     9 ||    23
       Potion            |       |     3 |       ||     3
  Eat: Chunk             |     1 |    23 |       ||    24
Armor: Robe              |     1 |    19 |     7 ||    27
Dodge: Dodged            |    13 |   164 |    19 ||   196
